Map: Curious Minds LE

Players

Kaynen - Winner!

  • Race: Zerg Zerg
  • League: Gold
  • Spawn Location: 11:00

Tebz

  • Race: Terran Terran
  • League: Gold
  • Spawn Location: 5:00

VOD

Have the link to the VOD?

Description

3 Lurker MVP or Zerg dies.

Time

  • Played on: July 9, 2022, 9:22 p.m.
  • Length: 13:20
Show
View Real Time Build Order
Export as new Build Order

Kaynen Zerg - Winner!

Build Orders: Hatch First, Lurkers 

Get SALT Encoding   

  12  0:00  Drone  
  14  0:17  Overlord  
  14  0:19  Drone  
  14  0:35  Drone  
  15  0:46  Hatchery  
  15  0:48  Drone  
  15  0:52  Drone  
  15  0:56  Drone  
  17  1:04  Extractor  
  17  1:06  Drone  
  17  1:19  Spawning Pool  
  17  1:23  Drone  
  17  1:29  Drone  
  18  1:38  Drone  
  19  1:50  Overlord  
  19  2:06  Queen  
  19  2:07  Queen  
  19  2:08  Zergling x4  
  25  2:11  Metabolic Boost  
  25  2:14  Drone  
  26  2:15  Drone  
  27  2:23  Drone x2  
  29  2:34  Zergling x4  
  31  2:41  Overlord  
  31  2:53  Drone x2  
  33  3:05  Hatchery  
  32  3:06  Drone x3  
  35  3:13  Overlord  
  35  3:18  Drone x3  
  38  3:22  Zergling x2  
  39  3:31  Zergling x2  
  39  3:32  Zergling x2  
  41  3:40  Zergling x4  
  44  3:55  Drone x2  
  44  4:03  Lair  
  44  4:05  Spore Crawler  
  44  4:08  Spore Crawler  
  44  4:09  Queen  
  42  4:15  Drone x4  
  48  4:33  Drone x9  
  48  4:38  Extractor x2  
  55  4:39  Evolution Chamber  
  54  4:51  Baneling Nest  
  53  4:59  Drone x2  
  55  5:12  Zergling x12  
  57  5:17  Overlord x4  
  57  5:22  Overlord x2  
  57  5:23  Overlord  
  57  5:31  Zerg Melee Weapons Level 1  
  57  5:35  Queen  
  59  5:37  Evolution Chamber  
  59  5:38  Spore Crawler  
  59  5:41  Spore Crawler  
  56  5:45  Drone x4  
  56  5:46  Spine Crawler  
  56  5:47  Drone x5  
  64  5:54  Baneling x8  
  64  5:55  Zergling x2  
  64  5:56  Zergling x4  
  67  6:02  Overseer x2  
  67  6:07  Drone x4  
  71  6:21  Centrifugal Hooks  
  71  6:26  Spore Crawler, Drone x8  
  71  6:27  Extractor  
  77  6:35  Hydralisk Den  
  76  6:42  Infestation Pit  
  75  6:53  Drone x5  
  75  6:54  Drone x7  
  87  6:58  Extractor  
  87  6:59  Spore Crawler, Extractor  
  84  7:03  Spine Crawler  
  84  7:04  Spine Crawler  
  82  7:19  Zergling x2  
  82  7:20  Zergling x14  
  82  7:22  Baneling  
  90  7:23  Hatchery, Baneling x9  
  89  7:36  Hive  
  89  7:39  Hatchery  
  88  7:46  Lurker Den  
  86  8:17  Hydralisk x9  
  87  8:36  Zergling x2  
  87  8:37  Zergling x22  
  96  8:49  Lurker x7  
  103  8:58  Baneling x2  
  103  8:59  Baneling x3  
  103  9:10  Drone x4  
  103  9:11  Drone x5  
  112  9:37  Zergling x10  
  117  9:44  Baneling  
  117  9:45  Baneling x18  
  117  9:49  Overlord x5  
  117  9:50  Overlord  
  115  10:04  Overlord x3  
  114  10:11  Zergling x2  
  114  10:12  Zergling x18  
  121  10:22  Zergling x6  
  94  10:44  Zergling x2  
  94  10:45  Zergling x18  
  103  10:57  Hydralisk x7  
  117  11:09  Queen  
  119  11:12  Hydralisk x8  
  135  11:31  Hydralisk x4  
  135  11:32  Hydralisk x8  
  151  11:45  Hydralisk x4  
  156  12:02  Zergling x4  
  156  12:03  Zergling x16  
  163  12:10  Pneumatized Carapace  
Show
View Real Time Build Order
Export as new Build Order

Tebz Terran 

Build Orders:  

Get SALT Encoding   

  12  0:00  SCV  
  13  0:12  SCV  
  14  0:17  Supply Depot  
  14  0:25  SCV  
  15  0:39  SCV  
  15  0:42  Barracks  
  16  0:46  Refinery  
  16  0:51  SCV  
  17  1:03  SCV  
  18  1:15  SCV  
  19  1:28  Orbital Command  
  19  1:39  Command Center  
  19  1:42  Marine  
  20  1:54  SCV  
  20  1:55  Supply Depot  
  21  2:06  Factory  
  21  2:07  SCV  
  22  2:10  Marine  
  23  2:19  SCV  
  24  2:26  Barracks  
  24  2:31  SCV  
  25  2:37  Barracks Reactor  
  25  2:38  Refinery  
  25  2:43  SCV  
  26  2:55  SCV  
  27  2:59  Factory Tech Lab  
  27  3:00  Orbital Command  
  27  3:07  SCV  
  27  3:11  Starport  
  28  3:14  Marine x2  
  28  3:15  Barracks Tech Lab  
  28  3:17  Supply Depot  
  28  3:19  SCV  
  31  3:30  SCV  
  31  3:31  SCV  
  31  3:32  Barracks  
  31  3:42  SCV  
  31  3:45  SCV  
  28  3:52  Marine x3  
  30  3:57  SCV  
  30  3:59  Orbital Command  
  28  4:03  Starport Reactor  
  28  4:09  SCV  
  29  4:10  Siege Tank, Marine x2  
  29  4:12  Marine  
  35  4:21  SCV  
  36  4:33  Barracks Tech Lab  
  36  4:34  Stimpack  
  36  4:35  Marine, Orbital Command  
  36  4:37  Supply Depot  
  37  4:41  Supply Depot  
  37  4:49  SCV  
  37  4:50  Marine x2  
  40  4:53  Marine  
  40  4:56  Medivac  
  43  5:01  SCV  
  43  5:06  SCV  
  45  5:13  SCV  
  46  5:16  Marine x2  
  46  5:19  Siege Tank, SCV  
  52  5:25  SCV  
  52  5:27  Supply Depot  
  53  5:30  Marine x2  
  53  5:34  Marine x2  
  57  5:37  Supply Depot, SCV  
  57  5:38  SCV  
  59  5:46  Combat Shield  
  59  5:48  Marine x2  
  61  5:51  Siege Tank  
  61  5:52  Marine x2  
  61  5:53  SCV  
  61  5:54  SCV  
  61  5:56  Refinery  
  68  5:59  Refinery  
  68  6:00  Supply Depot  
  68  6:05  SCV  
  68  6:06  Marine  
  68  6:07  SCV  
  68  6:08  Marine  
  68  6:10  Marine x2  
  74  6:13  Medivac  
  74  6:17  SCV  
  77  6:19  SCV  
  77  6:23  Supply Depot  
  77  6:24  Marine  
  79  6:30  SCV  
  79  6:31  SCV  
  81  6:35  Command Center  
  81  6:37  Marauder  
  81  6:38  Marine  
  84  6:42  SCV  
  84  6:44  Concussive Shells  
  84  6:45  Marauder  
  87  6:49  Medivac  
  87  6:52  Engineering Bay  
  89  7:01  Marauder  
  89  7:02  Marine  
  89  7:03  Marine  
  93  7:20  Marine  
  94  7:25  Barracks x2  
  94  7:35  Supply Depot  
  94  7:43  Supply Depot  
  94  7:46  Marine x2  
  94  7:47  SCV x2, Marauder x2  
  102  7:54  Supply Depot  
  102  7:55  Supply Depot  
  102  7:59  SCV x2  
  102  8:04  Marine x2  
  106  8:08  Marine, Marauder  
  106  8:11  SCV x2  
  111  8:19  Orbital Command  
  111  8:26  Marine x2, Marauder  
  117  8:30  Barracks Reactor, Marauder  
  117  8:31  Barracks Tech Lab  
  97  8:42  SCV x2  
  97  8:43  Marine  
  97  8:44  Marine  
  97  8:47  Marauder  
  103  8:51  Marauder  
  103  8:54  SCV x2, Marauder  
  103  8:55  Command Center  
  109  9:01  Marine, SCV  
  109  9:02  Marine  
  112  9:06  Marine x2, SCV x2  
  112  9:09  Marauder  
  118  9:10  Terran Infantry Weapons Level 1  
  118  9:12  Marauder  
  118  9:15  Engineering Bay  
  118  9:16  SCV, Marauder  
  123  9:19  Marine  
  123  9:20  Marine  
  123  9:24  Marine  
  125  9:30  Marauder  
  128  9:34  Marauder  
  128  9:37  Marauder  
  127  9:52  Marauder  
  129  9:55  Marauder  
  129  9:57  Marine  
  129  9:58  Marine x3, Marauder  
  137  10:13  Marauder  
  140  10:14  SCV x3  
  140  10:15  Marine  
  140  10:16  Marine x3  
  140  10:17  Marauder  
  140  10:18  Orbital Command  
  140  10:20  Marauder  
  150  10:26  SCV x3  
  153  10:34  Marauder  
  153  10:35  Marine x4  
  125  10:38  SCV, Marauder  
  125  10:41  Marine  
  92  10:53  Marine x4, SCV x4  
  92  10:55  Marine  
  101  10:58  Marine  
  101  10:59  Marine  
  101  11:02  Barracks  
  103  11:05  SCV, Barracks  
  103  11:09  Barracks  
  103  11:10  Marine  
  105  11:11  Marine x3, Factory  
  105  11:13  Marine  
  105  11:16  Marine  
  105  11:17  Marine  
  107  11:28  Marine  
  107  11:29  Marine x3  
  107  11:31  Marine  
  105  11:34  Marine x2  
  102  11:46  Marine  
  102  11:47  Marine x3  
  103  11:49  Marine  
  103  11:50  Starport  
  103  11:52  Marine x2  
  103  11:53  Armory  
  103  12:04  Marine x2  
  83  12:08  Barracks Tech Lab x2  
  83  12:15  Orbital Command  
  79  12:18  Marine x3  
  78  12:28  Factory Tech Lab  
  75  12:38  Starport Tech Lab  
  55  12:46  Marine  
  55  12:47  Marine x6  
Tags
 
Composition
Lurkers
League
GoldGold
Matchup
TvZ
Spawn Locations
Cross Positions
Add a new tag
Caveats
  • Supply blocks, unpowered buildings, or Contaminate may cause inaccurate times.
  • Supply counts are checked every 10 seconds.